 Dungeon Crawl Stone Soup version 0.18.1-48-g4cf74bf (webtiles) character file.

23 Iskender the Scratcher (level 2, 0/14 HPs)
             Began as a Felid Chaos Knight on Aug 31, 2016.
             Killed by the capriciousness of Xom (14 damage)
             ... on level 1 of the Dungeon.
             The game lasted 00:03:54 (633 turns).

Iskender the Scratcher (Felid Chaos Knight)          Turns: 633, Time: 00:03:55

Health: 0/14       AC:  1    Str:  8    XL:     2   Next: 72%
Magic:  3/3        EV: 18    Int: 13    God:    Xom [..*...]
Gold:   50         SH:  0    Dex: 15    Spells: 0 memorised, 1 level left
                                        Lives:  0   Deaths: 0

rFire  . . .     SeeInvis +       - Unarmed
rCold  . . .     Gourm    .     (armour unavailable)
rNeg   . . .     Faith    .     (shield unavailable)
rPois  .         Spirit   .     (helmet unavailable)
rElec  .         Dismiss  .     (cloak unavailable)
rCorr  .         Reflect  .     (gloves unavailable)
SustAt .         Harm     .     (boots unavailable)
MR     .....                    (no amulet)
Stlth  +++.......               (no ring)
                                (no ring)

@: quick, not resistant to hostile enchantments, fairly stealthy
A: no armour, no weapons or thrown items, claws 1, fangs 3, see invisible,
carnivore 3, speed 1, shaggy fur 1, slow metabolism 1, sharp paws
a: Renounce Religion


You were on level 1 of the Dungeon.
You worshipped Xom.
You were a BORING thing.
You were completely stuffed.

You visited 1 branch of the dungeon, and saw 1 of its levels.

You collected 50 gold pieces.

Inventory:

Scrolls
 b - a scroll of blinking {unknown}
 c - a scroll of remove curse {unknown}
 e - a scroll of identify {unknown}
Potions
 d - a potion of mutation {unknown}
 f - a potion of brilliance {unknown}
Comestibles
 a - 2 meat rations


   Skills:
 - Level 3.0 Fighting
 - Level 3.2 Dodging
 - Level 3.1 Stealth
 + Level 3.3 Unarmed Combat


You had one spell level left.
You didn't know any spells.

Dungeon Overview and Level Annotations

Branches:
Dungeon (1/15)

Altars:


Innate Abilities, Weirdness & Mutations

You cannot wear armour.
You are incapable of wielding weapons or throwing items.
You have sharp claws.
You have razor-sharp teeth.
You have supernaturally acute eyesight.
You are carnivorous and can eat meat at any time.
You cover ground quickly.
You are covered in fur (AC +1).
You have a slow metabolism.
Your sharp claws are effective at attacking unaware monsters.


Message History

The kobold shouts!
You closely miss the kobold. The kobold barely misses you.
You closely miss the kobold. The kobold closely misses you.
You barely miss the kobold. The kobold closely misses you.
You scratch the kobold. You bite the kobold.
You kill the kobold!
You see here a whip.
f - a grey potion Xom is getting BORED.
All of the chunks of flesh in your inventory have rotted away.
Found an escape hatch in the floor.
d - a viscous ruby potion
Found 2 grey potions.
A bat comes into view.
You are now a BORING thing.
Xom's attention turns to you for a moment.
You are caught in a strong localised spatial distortion.
Ouch! That really hurt!
You die...
Xom thinks this is hilarious!

#.#.##.#.###########
. #b #.#.##.........
#
##.##.#....########
# #.#..(#.####.# #
#.# . #.......# #
...#? #..####.#
##### #..###.##
#§####.... #...##
#.^....... ##@##
#.§#####.# ##.#...#
#..#...#.# #......#
#..'.8.'.. #..#!..#
#.§#...#.. #..#####
#.§#####.. #..#
#......... ########
#..# #.##..###.
.......# #..#
#.###.# #.
######.#####..# #§#
#.# #.


There were no monsters in sight!

Vanquished Creatures
  A giant gecko (D:1)
  7 bats (D:1)
  2 giant cockroaches (D:1)
  3 hobgoblins (D:1)
  3 kobolds (D:1)
  A ball python (D:1)
  A giant newt (D:1)
  A goblin (D:1)
  2 rats (D:1)
21 creatures vanquished.

Notes
Turn   | Place    | Note
--------------------------------------------------------------
     0 | D:1      | Iskender the Felid Chaos Knight began the quest for the Orb.
     0 | D:1      | Reached XP level 1. HP: 10/10 MP: 2/2
    91 | D:1      | Reached skill level 1 in Stealth
   272 | D:1      | Reached XP level 2. HP: 13/14 MP: 3/3
   325 | D:1      | XOM: harmless Erth miscast
   473 | D:1      | XOM: colour smoke trail
   633 | D:1      | XOM is BORED!
   633 | D:1      | XOM: medium Tloc miscast
   633 | D:1      | Killed by the capriciousness of Xom

Skill      XL: |  1  2 |
---------------+-------+-----
Stealth        | 2 3 |  3.1
Fighting       | |  3.0
Dodging        | |  3.2
Unarmed Combat | |  3.3

Action                   || total
-------------------------++-------
Melee: Unarmed           ||    40
       Bite              ||     4
 Stab: Sleeping          ||     5
  Eat: Chunk             ||     7
Armor: Skin              ||     1
Dodge: Dodged            ||    28
